 Dungeon Crawl Stone Soup version 0.32-a0-314-g526f7d4993 (webtiles) character file.

Game seed: 16520574061432200845

22 senseless the Chopper (level 2, 27/27 HPs)
             Began as a Mountain Dwarf Monk on Feb 15, 2024.
             Was an Initiate of Gozag.
             Quit the game on level 1 of the Dungeon.
             The game lasted 00:01:34 (284 turns).

senseless the Chopper (Mountain Dwarf Monk)          Turns: 284, Time: 00:01:34

Health: 27/27      AC:  2    Str: 13    XL:     2   Next: 68%
Magic:  2/2        EV: 12    Int: 10    God:    Gozag
Gold:   40         SH:  0    Dex: 12    Spells: 1/1 levels left

rFire   . . .        a - +0 hand axe
rCold   . . .        d - orb {light}
rNeg    . . .        b - +0 robe
rPois   .            (no helmet)
rElec   .            (no cloak)
rCorr   .            (no gloves)
SInv    .            (no boots)
Will    .....        (no amulet)
Stlth   +            (no ring)
HPRegen 0.24/turn    (no ring)
MPRegen 0.08/turn

%: no passive effects
@: glowing
A: runic magic, artefact enchanting
a: Renounce Religion, Potion Petition, Call Merchant, Bribe Branch


You were on level 1 of the Dungeon.
You worshipped Gozag.
Gozag was noncommittal.
You visited 1 branch of the dungeon, and saw 1 of its levels.

You collected 40 gold pieces.

Inventory:

Hand Weapons
 a - a +0 hand axe (weapon)
Armour
 b - a +0 robe (worn)
 d - an orb of light (worn)
Potions
 c - a potion of ambrosia
 e - a potion of brilliance {unknown}
 f - 3 potions of curing {unknown}
 g - a potion of might {unknown}


   Skills:
 + Level 3.7 Fighting
 + Level 4.1 Axes
 + Level 1.2 Armour
 - Level 2.1 Dodging


You had one spell level left.
You didn't know any spells.
Your spell library was empty.

Dungeon Overview and Level Annotations

Branches:
Dungeon (1/15)

Altars:
Gozag

Annotations:
D:1 1 transporter


Innate Abilities, Weirdness & Mutations

Your spellcasting is much less encumbered by armour.
You can use scrolls of enchantment on lesser artefacts.


Message History

You hit the bat.
The bat is severely wounded.
The bat hits you but does no damage.
You hit the bat.
You kill the bat!
No target in view!
No target in view!
No target in view!
No target in view!
No target in view!
No target in view!
No target in view!
A bat comes into view.
Found 5 poisoned darts.
The bat hits you but does no damage.
You hit the bat but do no damage. The bat closely misses you.
You hit the bat.
The bat is moderately wounded.
The bat closely misses you. The bat misses you.
The bat hits you but does no damage.
You hit the bat.
You kill the bat!
No target in view!
No target in view!
No target in view!
No target in view!
No target in view!
No target in view!
No target in view!
No target in view!
You see here 5 poisoned darts.
Things that are here:
a +0 dagger; a kobold corpse
Found a faded altar of an unknown god.
There is a faded altar of an unknown god here.
This altar belongs to (a) Uskayaw, (b) Dithmenos or (c) Gozag, but you can't tell which.
Press the corresponding letter to learn more about a god, or press enter to convert or escape to cancel.
Gozag accepts your prayer! Gozag welcomes you!
Gozag waives the service fee.
Are you sure you want to abandon this character and quit the game? (Confirm with "yes".)

#........#
#######'########
#..>............
#.#.###.######## #
#.[.# #.#.###
#.....#
###.#.#############
#.........#...@...+
#.#.#.###.#.#######
#...#.# #.#.#
#####.# #.#.# ..#
#.#.# #########
#.#)# ..#.(.#
##.#.#
#.#.#.####....#
#.#.#.......#.#


There were no monsters in sight!

Vanquished Creatures
  A ball python (D:1)
  A giant cockroach (D:1)
  3 goblins (D:1)
  4 bats (D:1)
  2 kobolds (D:1)
  2 rats (D:1)
13 creatures vanquished.

Notes
Turn   | Place    | Note
-------+----------+-------------------------------------------
     0 | D:1      | senseless the Mountain Dwarf Monk began the quest for the
                  | Orb.
     0 | D:1      | Reached XP level 1. HP: 19/19 MP: 1/1
   148 | D:1      | Reached XP level 2. HP: 26/26 MP: 2/2
   178 | D:1      | Reached skill level 4 in Axes
   178 | D:1      | Reached skill level 1 in Armour
   279 | D:1      | Found a faded altar of an unknown god.
   283 | D:1      | Prayed at the altar of an unknown god.
   283 | D:1      | Became a worshipper of Gozag Ym Sagoz the Greedy
   284 | D:1      | Quit the game

Illustrated notes

Levels and vault maps discovered:
D:1:      spicycebolla_arrival_risky_transporter, layout_basic,
          basic_ecumenical_altar

Skill      XL: |  1  2 |
---------------+-------+-----
Axes           | 4 |  4.1
Armour         | 1 |  1.2
Fighting       | |  3.7
Dodging        | |  2.1

Action                     || total
---------------------------++-------
  Melee: Hand axe          ||    34
 Armour: Robe              ||    17
  Dodge: Dodged            ||    30

Table legend: (Time is in decaauts)
 A = Elapsed time spent in this place.
 B = Non-inter-level travel time spent in this place.
 C = Inter-level travel time spent in this place.
 D = Time resting spent in this place.
 E = Time spent auto-exploring this place.
 F = Levels seen in this place.
 G = Mean time per level.
                   A        B        C        D        E       F      G
               +--------+--------+--------+--------+--------+-----+--------+
         Total |    287 |    287 |      0 |      0 |    215 |   1 |  287.0 |
       Dungeon |    287 |    287 |      0 |      0 |    215 |   1 |  287.0 |
               +--------+--------+--------+--------+--------+-----+--------+

Top non-repeatable levels by time:
     D:1: 287 daAuts
